 Dungeon Crawl Stone Soup version 0.31-a0-986-g5e6e4ef867 (webtiles) character file.

Game seed: 14104367003966889756

2846 FakeRyeBread the Grappler (level 9, -4/89 HPs)
             Began as a Troll Fighter on Nov 10, 2023.
             Was an Initiate of Wu Jian.
             Slain by a gnoll sergeant
             ... wielding a +0 bardiche
              (14 damage)
             ... in a bailey.
             The game lasted 00:12:50 (4707 turns).

FakeRyeBread the Grappler (Troll Fighter)           Turns: 4707, Time: 00:12:51

Health: -4/89      AC:  5    Str: 26    XL:     9   Next: 46%
Magic:  8/8        EV:  9    Int:  8    God:    Wu Jian [......]
Gold:   474        SH: 10    Dex:  9    Spells: 8/8 levels left

rFire   . .          .
                       - Unarmed
rCold   . . .        b - +1 kite shield
rNeg    . . .        s - +0 troll leather armour {Pargi}
rPois   .            (helmet restricted)
rElec   .            (no cloak)
rCorr   +            (gloves unavailable)
SInv    +            (boots unavailable)
Will    .....        h - amulet of faith
Stlth   +            r - ring of see invisible
HPRegen 1.94/turn    p - ring of resist corrosion
MPRegen 0.11/turn

%: faith
@: no status effects
A: large, unfitting armour, claws 3, regeneration 1, shaggy fur 1, tough skin 1
a: Renounce Religion


You were in a bailey.
You worshipped Wu Jian.
Wu Jian was noncommittal.
You visited 2 branches of the dungeon, and saw 8 of its levels.
You also visited: Sewer and Bailey.

You collected 534 gold pieces.
You spent 60 gold pieces at shops.

Inventory:

Missiles
 a - 3 throwing nets
 d - 11 boomerangs
 f - 7 poisoned darts
Armour
 b - a +1 kite shield (worn)
 s - a +0 troll leather armour (worn) {Pargi}
Jewellery
 e - a +6 ring of intelligence
 h - an amulet of faith (around neck)
 k - a ring of ice
 p - a ring of resist corrosion (right claw)
 q - a ring of ice
 r - a ring of see invisible (left claw)
Wands
 n - a wand of quicksilver (6)
 u - a wand of paralysis (1)
 v - a wand of flame (5) (quivered)
 y - a wand of iceblast (8)
Scrolls
 m - 6 scrolls of teleportation
 t - a scroll of blinking
Potions
 c - 2 potions of might
 g - a potion of haste
 i - a potion of curing
 j - a potion of enlightenment
 l - 3 potions of invisibility
 o - a potion of resistance
 w - a potion of mutation
 x - a potion of berserk rage
 z - a potion of cancellation
 A - a potion of attraction {unknown}


   Skills:
 + Level 5.9 Fighting
 + Level 3.2 Dodging
 + Level 6.4 Shields
 * Level 9.4 Unarmed Combat


You had 8 spell levels left.
You didn't know any spells.
Your spell library contained the following spells:

 Spells                   Type           Power      Damage    Failure   Level
 Summon Small Mammal      Summ           0%         N/A       67%         1
 Scorch                   Fire           0%         2d5       80%         2
 Call Canine Familiar     Summ           0%         N/A       95%         3
 Dazzling Flash           Conj/Hex       0%         N/A       95%         3
 Summon Guardian Golem    Hex/Summ       0%         N/A       95%         3
 Flame Wave               Conj/Fire      0%         2d4       100%        4
 Agony                    Necr           0%         N/A       100%        5
 Silence                  Hex/Air        0%         N/A       100%        5
 Summon Cactus Giant      Summ           0%         N/A       100%        6


Dungeon Overview and Level Annotations

Branches:
Dungeon (7/15)             Temple (1/1) D:6           Sewer (visited)
 Bailey (1/1)

Altars:
Cheibriados
Dithmenos
Gozag
Hepliaklqana
Makhleb
Okawaru
Qazlal
Sif Muna
Trog
Uskayaw
Vehumet
Wu Jian
Yredelemnul
The Shining One

Shops:
D:2 !   D:3 (   D:5 (


Innate Abilities, Weirdness & Mutations

You are too large for most types of armour.
You have claws for hands.
Your natural rate of healing is unusually fast.
You are covered in fur. (AC +1)
You have tough skin. (AC +1)


Message History

The gnoll is no longer moving quickly.
The gnoll bouda calls upon its god to heal the gnoll.
The gnoll is healed somewhat.
There is an open gate here.
Your attacks no longer feel as feeble.
The gnoll throws a throwing net.
You block the throwing net.
The gnoll bouda gazes fiercely through you!
You feel your attacks grow feeble. The gnoll bouda barely misses you.
You see here a throwing net.
The gnoll bouda barks out a call to the hunt!
Your attacks no longer feel as feeble.
The gnoll bouda barks out a call to the hunt!
You lunge at the gnoll bouda.
You mangle the gnoll bouda!!
You kill the gnoll bouda!
The Council accepts your kill.
You lunge at the gnoll sergeant.
You scratch the gnoll sergeant but do no damage.
The gnoll sergeant hits you with a +0 bardiche.
The gnoll hits you from afar with a +0 trident.
You block the gnoll's attack.
The gnoll hits you from afar with a +0 spear.
The gnoll sergeant hits you with a +0 halberd!
You block the gnoll's attack.
Items here: ( ) [ †.
The gnoll sergeant hits you with a +0 bardiche!
* * * LOW HITPOINT WARNING * * *
You block the gnoll's attack. The gnoll hits you with a +0 spear.
* * * LOW HITPOINT WARNING * * *
The gnoll closely misses you. The gnoll sergeant closely misses you.
The gnoll attacks as it pursues you!
The gnoll hits you from afar with a +0 trident.
* * * LOW HITPOINT WARNING * * *
The gnoll throws a throwing net.
You block the throwing net.
You see here a throwing net.
You feel better.
The gnoll hits you from afar with a +0 trident!
* * * LOW HITPOINT WARNING * * *
The gnoll sergeant hits you from afar with a +0 bardiche!
You die...

♣≈ ...# ≈♣ ♣≈ ##'##
≈♣ ♣≈ #.).# ≈♣ ♣≈##
#...# ##≈♣ ♣≈.# #...#
#.≈♣
♣≈.######gg'######.≈♣
♣≈......)gggg......≈♣
♣≈≈...............≈≈♣
♣♣≈≈≈≈≈≈≈)@.≈≈≈≈≈≈≈♣♣
♣♣.....))........♣♣
♣♣♣...........♣♣♣
♣♣.......♣♣♣♣
♣♣♣♣.∩.♣♣ ♣♣.♣♣ ♣.♣
♣∩♣ ###


You could see 2 gnoll sergeants and 4 gnolls.

Vanquished Creatures
  Pikel (D:6)
  Jeremiah (D:6)
  Prince Ribbit (D:5)
  Eustachio (D:5)
  A steam dragon (D:6)
  Edmund (D:5)
  A water moccasin (D:6)
  Pargi (Sewer)
  An ice beast (D:6)
  A sky beast (D:6)
  An ogre (D:7)
  A phantom (D:6)
  Blork the orc (D:5)
  A necrophage (D:5)
  2 scorpions
  4 jellies
  4 hounds
  3 sleepcaps
  A gnoll bouda (Bailey)
  4 iguanas
  Ijyb (D:3)
  2 orc wizards (D:4)
  A hound skeleton (D:5)
  4 gnolls (Bailey)
  7 adders
  A shadow imp (D:6)
  2 white imps
  4 ufetubi
  3 worms
  A dart slug (D:4)
  17 orcs
  10 ball pythons
  10 bats
  10 endoplasms
  8 giant cockroaches
  12 goblins
  5 hobgoblins
  9 jackals
  2 quokkas (D:6)
  5 frilled lizards
  9 kobolds
  8 rats
163 creatures vanquished.

Notes
Turn   | Place    | Note
-------+----------+-------------------------------------------
     0 | D:1      | FakeRyeBread the Troll Fighter began the quest for the Orb.
     0 | D:1      | Reached XP level 1. HP: 22/22 MP: 0/0
   293 | D:1      | Reached XP level 2. HP: 20/29 MP: 1/1
   725 | D:2      | Reached XP level 3. HP: 36/36 MP: 2/2
   784 | D:2      | Reached skill level 3 in Unarmed Combat
   921 | D:2      | Found Venemm's Distillery.
   935 | D:2      | Bought a potion of curing for 30 gold pieces
   935 | D:2      | Bought a potion of curing for 30 gold pieces
   947 | D:2      | Reached XP level 4. HP: 44/44 MP: 3/3
   994 | D:2      | Found an opulent altar of Gozag.
  1329 | D:3      | Noticed Ijyb
  1339 | D:3      | Killed Ijyb
  1340 | D:3      | Reached skill level 4 in Unarmed Combat
  1340 | D:3      | Reached XP level 5. HP: 53/53 MP: 4/4
  1588 | D:3      | Found Peumie's Weapon Emporium.
  2145 | D:4      | Reached XP level 6. HP: 38/53 MP: 5/5
  2397 | D:5      | Entered Level 5 of the Dungeon
  2422 | D:5      | Reached skill level 5 in Unarmed Combat
  2488 | D:5      | Found Uqojo's Weapon Shoppe.
  2533 | D:5      | Noticed Blork the orc
  2542 | D:5      | Killed Blork the orc
  2574 | D:5      | Found a hazy altar of Hepliaklqana.
  2740 | D:5      | Noticed Eustachio
  2748 | D:5      | Killed Eustachio
  2749 | D:5      | Reached XP level 7. HP: 68/70 MP: 6/6
  2909 | D:5      | Noticed Edmund
  2924 | D:5      | Killed Edmund
  2925 | D:5      | Reached skill level 6 in Unarmed Combat
  3031 | D:5      | Found a burning altar of Makhleb.
  3198 | D:5      | Noticed Prince Ribbit
  3222 | D:5      | Killed Prince Ribbit
  3223 | D:5      | Reached skill level 5 in Shields
  3223 | D:5      | Reached skill level 7 in Unarmed Combat
  3223 | D:5      | Reached XP level 8. HP: 79/79 MP: 7/7
  3566 | D:6      | Noticed Jeremiah
  3635 | D:6      | Found a glowing drain.
  3650 | Sewer    | Entered a sewer
  3680 | Sewer    | Noticed Pargi
  3686 | Sewer    | Killed Pargi
  3687 | Sewer    | Reached skill level 5 in Fighting
  3768 | D:6      | Reached skill level 8 in Unarmed Combat
  3913 | D:6      | Killed Jeremiah
  3940 | D:6      | Reached XP level 9. HP: 88/88 MP: 8/8
  3950 | D:6      | Noticed Pikel
  3961 | D:6      | Killed Pikel
  3962 | D:6      | Reached skill level 9 in Unarmed Combat
  4019 | D:6      | Found a staircase to the Ecumenical Temple.
  4048 | Temple   | Entered the Ecumenical Temple
  4057 | Temple   | Became a worshipper of the Wu Jian Council
  4535 | D:7      | Found a flagged portal.
  4608 | Bailey   | Entered a bailey
  4707 | Bailey   | Slain by a gnoll sergeant

Illustrated notes

Levels and vault maps discovered:
D:1:      dpeg_arrival_yet_another_circle, layout_loops_ring, minmay_ruptured
D:2:      layout_rooms, basic_altar, serial_shops, shop, grunt_decor_fettered
D:3:      layout_loops_cross, serial_shops, nicolae_shop_bloodbath_and_beyond,
          kennysheep_generic_room_9, uniq_ijyb
D:4:      layout_basic, hangedman_decor_growths
D:5:      layout_basic, kennysheep_mini_moat, makhleb_blood_cavern_becter,
          serial_shops, shop, uniq_prince_ribbit1, uniq_eustachio,
          uniq_blork_the_orc, uniq_edmund
D:6:      layout_rooms, minmay_temple_entry_mist, portal_sewer_entry_f,
          uniq_jeremiah, uniq_pikel
D:7:      cheibrodos_shockbox, layout_basic, doesnt_xom_only_xom,
          nicolae_ru_path_of_blood, enter_bailey_3, columned_hall_lemuel,
          uniq_menkaure
Temple:   nicolae_temple_ecumenical_triangle
Bailey:   bailey_polearm_gnolls_kennysheep, bailey

Skill      XL: |  1  2  3  4  5  6  7  8  9 |
---------------+----------------------------+-----
Shields        | 3 4 5 6 |  6.4
Unarmed Combat | 3 4 5 7 8 9 |  9.4
Fighting       | 3 4 5 |  5.9
Dodging        | 3 |  3.2

Action                     |  1- 3 |  4- 6 |  7- 9 || total
---------------------------+-------+-------+-------++-------
  Melee: Unarmed           |   110 |   163 |   210 ||   483
Ability: Lunge             |       |       |     5 ||     5
  Evoke: Wand              |       |       |     8 ||     8
    Use: Scroll            |       |     8 |     6 ||    14
         Potion            |       |       |     2 ||     2
   Stab: Sleeping          |     1 |       |     1 ||     2
 Armour: Robe              |    72 |   110 |    36 ||   218
         Troll leather arm |       |       |    79 ||    79
  Dodge: Dodged            |    44 |    53 |    96 ||   193
  Block: Kite shield       |    29 |    59 |   117 ||   205

Table legend: (Time is in decaauts)
 A = Elapsed time spent in this place.
 B = Non-inter-level travel time spent in this place.
 C = Inter-level travel time spent in this place.
 D = Time resting spent in this place.
 E = Time spent auto-exploring this place.
 F = Levels seen in this place.
 G = Mean time per level.
                   A        B        C        D        E       F      G
               +--------+--------+--------+--------+--------+-----+--------+
         Total |   4706 |   4367 |    339 |    170 |   2970 |  10 |  470.6 |
       Dungeon |   4500 |   4176 |    324 |    170 |   2957 |   7 |  642.9 |
        Temple |     18 |      3 |     15 |      0 |      0 |   1 |   18.0 |
         Sewer |     90 |     90 |      0 |      0 |     13 |   1 |   90.0 |
        Bailey |     97 |     97 |      0 |      0 |      0 |   1 |   97.0 |
               +--------+--------+--------+--------+--------+-----+--------+

Top non-repeatable levels by time:
     D:5: 1137 daAuts
     D:6: 752 daAuts
     D:1: 721 daAuts
     D:3: 721 daAuts
     D:4: 511 daAuts
     D:2: 455 daAuts
     D:7: 200 daAuts
  Bailey: 97 daAuts
   Sewer: 90 daAuts
  Temple: 18 daAuts
